 Dungeon Crawl Stone Soup version 0.29.0-4-gdea44cf6ec (webtiles) character file.

Game seed: 16447413819633481927

3556 qw the Grappler (level 9, -7/88 HPs)
             Began as a Troll Cinder Acolyte on Aug 31, 2022.
             Was a Priest of Ignis.
             Succumbed to Erica's bolt of poison
             ... on level 8 of the Dungeon.
             The game lasted 00:03:14 (6801 turns).

qw the Grappler (Troll Cinder Acolyte)              Turns: 6801, Time: 00:03:15

Health: -7/88      AC: 18    Str: 28    XL:     9   Next: 83%
Magic:  9/9        EV: 10    Int:  7    God:    Ignis [***...]
Gold:   185        SH:  0    Dex: 14    Spells: 10/10 levels left

rFire   + + .      SeeInvis +     - Unarmed
rCold   . . .      Faith    .   (no shield)
rNeg    . . .      Spirit   .   c - +2 robe {rF+}
rPois   .          Reflect  .   (helmet restricted)
rElec   .          Harm     .   k - +0 cloak
rCorr   +          Rampage  .   (gloves unavailable)
Will    .....                   (boots unavailable)
Stlth   +.........              (no amulet)
HPRegen 1.04/turn               e - ring of Badef {Drain Fly rCorr Int-3 Dex+9 SInv}
MPRegen 0.11/turn               i - +4 ring of protection

@: lethally poisoned (-7 -> -34), about to teleport, fiery-armoured, flying
A: large, unfitting armour, claws 3, regeneration 1, shaggy fur 1, tough skin 1
a: Renounce Religion, Fiery Armour, Foxfire Swarm, Rising Flame


You were on level 8 of the Dungeon.
You worshipped Ignis.
Ignis was most pleased with you.
You visited 1 branch of the dungeon, and saw 8 of its levels.

You collected 418 gold pieces.
You spent 233 gold pieces at shops.


Innate Abilities, Weirdness & Mutations

You are too large for most types of armour.
You have claws for hands.
Your natural rate of healing is unusually fast.
You are covered in fur. (AC +1)
You have tough skin. (AC +1)


   Skills:
 - Level 5.0 Fighting
 - Level 1.0 Throwing
 - Level 3.2 Dodging
 + Level 12.6 Unarmed Combat
 - Level 1.0 Spellcasting
 - Level 2.1 Fire Magic


You had 10 spell levels left.
You didn't know any spells.
Your spell library contained the following spells:

 Spells                   Type           Power      Damage    Failure   Level
 Scorch                   Fire           6%         2d5       26%         2

Inventory:

Missiles
 n - 12 boomerangs (quivered)
Armour
 c - a +2 robe of fire resistance (worn)
 k - a +0 cloak (worn)
Jewellery
 e - the ring of Badef (left claw) {Drain Fly rCorr Int-3 Dex+9 SInv}
   (You found it on level 5 of the Dungeon)

   [ring of see invisible]

   Int:       It affects your intelligence (-3).
   Dex:       It affects your dexterity (+9).
   SInv:      It lets you see invisible.
   Fly:       It grants you flight.
   rCorr:     It protects you from acid and corrosion.
   Drain:     It drains your maximum health when unequipped.
 g - a +6 ring of intelligence
 i - a +4 ring of protection (right claw)
Wands
 b - a wand of digging (3)
Scrolls
 f - a scroll of amnesia {unknown}
 l - 5 scrolls of teleportation
 m - 5 scrolls of identify
Potions
 a - a potion of cancellation
 d - a potion of might
 h - 2 potions of haste
 p - a potion of resistance

Dungeon Overview and Level Annotations

Branches:
Dungeon (8/15)             Temple (0/1) D:7
   Lair: D:8-11

Altars:
Ashenzari
Nemelex Xobeh
Vehumet
Yredelemnul

Shops:
D:4 [   D:5 *   D:6 ?   D:7 [

Annotations:
D:2 1 runed translucent door, Crazy Yiuf
D:8 3 runed translucent doors, Erica; qw's ghost, novice TrCA


Message History

Erica is moderately wounded.
Erica closely misses you.
You barely miss Erica. You claw Erica!
Erica is heavily wounded.
You bump into the rock wall.
Erica hits you with a +1 scimitar of flaming!
Erica is burned by your cloak of flames.
Erica is heavily wounded.
You bump into the rock wall.
Erica gestures at you while chanting. You resist with significant effort.
You scratch Erica but do no damage. Your claw misses Erica.
Erica is heavily wounded.
You feel less confused. Erica casts a spell at you.
The bolt of poison hits you!
You are poisoned.
You claw Erica!
Erica is severely wounded.
You feel very sick.
Erica hits you with a +1 scimitar of flaming.
Erica burns you.
Erica is burned by your cloak of flames.
Erica is almost dead.
You closely miss Erica.
Erica is almost dead.
You feel sick.
Erica points at you and mumbles some strange words.
The bolt of poison hits you!!
You are more poisoned.
You claw Erica!
Erica is almost dead.
You feel very sick. Erica gestures at you while chanting.
The bolt of poison hits you!!
You are more poisoned.
6801 ||| READING 6 scrolls of teleportation.
As you read the scroll of teleportation, it crumbles to dust.
You feel strangely unstable.
You die...

##### .. ...#
##.#########.##
#.............. #.@#
#......... ###
#..###..#..#... ##.##
#..............
##.#.#####..#.......<..#
#.###..@@...............
##.#.#####.......#....##
##.## #..#.#.##....##
#.# #..#.#.#....... #.#
#..[........... #.#
#.........>.### #.####
#....##..##.##. #....#
##.#.##..##.##. ####.#
#...##..##....


You could see Erica.

Vanquished Creatures
  Prince Ribbit (D:8)
  Sigmund (D:4)
  Eustachio (D:4)
  3 yaks
  2 water moccasins (D:8)
  3 sky beasts
  2 orc warriors (D:7)
  2 centaurs (D:7)
  An ogre (D:6)
  A phantom (D:7)
  2 bullfrogs
  2 gnoll sergeants (D:5)
  2 necrophages
  2 scorpions
  5 wights (D:8)
  4 orc priests
  A hound (D:5)
  2 jellies
  Natasha (thrice) (D:4)
  Ijyb (D:3)
  7 iguanas
  4 orc wizards
  Robin (D:4)
  9 gnolls (D:5)
  6 adders
  2 white imps
  An ufetubus (D:7)
  3 worms
  2 dart slugs
  22 orcs
  11 endoplasms
  2 giant cockroaches
  15 goblins
  10 hobgoblins
  3 jackals (D:1)
  6 quokkas
  8 ball pythons
  6 bats (D:1)
  5 frilled lizards
  5 kobolds
  7 rats
176 creatures vanquished.

Vanquished Creatures (others)
  An orc wizard (D:3)
1 creature vanquished.

Grand Total: 177 creatures vanquished

Notes
Turn   | Place    | Note
-------+----------+-------------------------------------------
     0 | D:1      | qw the Troll Cinder Acolyte began the quest for the Orb.
     0 | D:1      | Reached XP level 1. HP: 22/22 MP: 1/1
     0 | D:1      | 0 ||| qw: Version: 0.1-a-97-g2dd2ca4
     0 | D:1      | 0 ||| qw: Game counter: 4536
     0 | D:1      | 0 ||| qw: Always use a shield: true
     0 | D:1      | 0 ||| qw: God list: Okawaru
     0 | D:1      | 0 ||| qw: Allow faded altars: false
     0 | D:1      | 0 ||| qw: Do Orc after D:15 true
     0 | D:1      | 0 ||| qw: Do second Lair branch before Depths: true
     0 | D:1      | 0 ||| qw: Lair rune preference: random
     0 | D:1      | 0 ||| qw: Plans: Normal
     0 | D:1      | 0 ||| PLANNING D:1-11
   202 | D:1      | 202 ||| Stepping ~*~*~tactically~*~*~ (outnumbered).
   203 | D:1      | 203 ||| Stepping ~*~*~tactically~*~*~ (outnumbered).
   204 | D:1      | 204 ||| Stepping ~*~*~tactically~*~*~ (outnumbered).
   205 | D:1      | 205 ||| Stepping ~*~*~tactically~*~*~ (outnumbered).
   206 | D:1      | 206 ||| Stepping ~*~*~tactically~*~*~ (outnumbered).
   207 | D:1      | 207 ||| Stepping ~*~*~tactically~*~*~ (outnumbered).
   208 | D:1      | 208 ||| Stepping ~*~*~tactically~*~*~ (outnumbered).
   296 | D:1      | Reached XP level 2. HP: 29/29 MP: 2/2
   303 | D:1      | 303 ||| Stepping ~*~*~tactically~*~*~ (hiding).
   472 | D:1      | Reached skill level 4 in Unarmed Combat
   792 | D:1      | 792 ||| Stepping ~*~*~tactically~*~*~ (outnumbered).
   825 | D:1      | Reached XP level 3. HP: 36/36 MP: 3/3
  1005 | D:1      | 1005 ||| UPGRADING to +0 cloak.
  1010 | D:1      | 1010 ||| READING scroll labelled NOPUMUDYUSE.
  1011 | D:1      | 1011 ||| READING scroll labelled CAJUPN YCKA.
  1012 | D:1      | 1012 ||| READING scroll labelled TYIHAD TANO.
  1013 | D:1      | 1013 ||| DRINKING 2 red potions.
  1014 | D:1      | 1014 ||| DROPPING potion of brilliance.
  1336 | D:2      | Found a runed translucent door.
  1337 | D:2      | Noticed Crazy Yiuf
  1448 | D:2      | Found a faded altar of an unknown god.
  1630 | D:2      | 1630 ||| READING scroll labelled GOISHOGHAMONN.
  1631 | D:2      | 1631 ||| READING 2 scrolls labelled ELIXTO LENO.
  1632 | D:2      | 1632 ||| READING scroll labelled QEMAXK TUUQ.
  1676 | D:2      | 1676 ||| READING scroll labelled FAPOSM NARR.
  1738 | D:3      | 1738 ||| Stepping ~*~*~tactically~*~*~ (outnumbered).
  1742 | D:3      | 1742 ||| Stepping ~*~*~tactically~*~*~ (outnumbered).
  1745 | D:3      | Reached skill level 5 in Unarmed Combat
  1745 | D:3      | Reached XP level 4. HP: 42/44 MP: 4/4
  1745 | D:3      | 1745 ||| Stepping ~*~*~tactically~*~*~ (outnumbered).
  1753 | D:3      | Noticed Ijyb
  1763 | D:3      | Killed Ijyb
  1839 | D:3      | You fall into a shaft and drop 3 floors!
  1840 | D:6      | 1840 ||| READING 2 scrolls of identify.
  1840 | D:6      | 1840 ||| IDENTIFYING glowing black potion
  1849 | D:5      | Entered Level 5 of the Dungeon
  1860 | D:5      | 1860 ||| Stepping ~*~*~tactically~*~*~ (stealth).
  1861 | D:5      | Noticed a gnoll sergeant
  1862 | D:5      | 1862 ||| Stepping ~*~*~tactically~*~*~ (hiding).
  1870 | D:5      | Reached XP level 5. HP: 43/50 MP: 5/5
  1871 | D:5      | 1871 ||| INVOKING Fiery Armour.
  1872 | D:5      | 1872 ||| Stepping ~*~*~tactically~*~*~ (outnumbered).
  1875 | D:5      | Reached skill level 6 in Unarmed Combat
  1880 | D:5      | HP: 9/50 [poisoned by a gnoll]
  1883 | D:5      | HP: 3/50 [poisoned by a gnoll]
  1885 | D:5      | HP: 1/50 [poisoned by a gnoll]
  1890 | D:5      | HP: 1/50 [poisoned by a gnoll]
  1964 | D:5      | 1964 ||| Stepping ~*~*~tactically~*~*~ (hiding).
  2178 | D:5      | Reached XP level 6. HP: 44/59 MP: 6/6
  2193 | D:5      | 2193 ||| Stepping ~*~*~tactically~*~*~ (stealth).
  2201 | D:5      | Reached skill level 7 in Unarmed Combat
  2243 | D:5      | 2243 ||| Stepping ~*~*~tactically~*~*~ (stealth).
  2244 | D:5      | 2244 ||| READING scroll labelled WIAWAE HYIDD.
  2245 | D:5      | 2245 ||| DRINKING 2 murky coppery potions.
  2247 | D:5      | 2247 ||| Stepping ~*~*~tactically~*~*~ (hiding).
  2269 | D:4      | Found Teur's Antique Armour Shop.
  2269 | D:4      | Noticed Robin
  2272 | D:4      | 2272 ||| INVOKING Fiery Armour.
  2280 | D:4      | Killed Robin
  2292 | D:4      | 2292 ||| SHOPLISTING +0 mask of the Dragon {Will+ Slay+3
                  | SInv} (768 gold, have 143).
  2292 | D:4      | 2292 ||| BUYING runed robe (85 gold).
  2292 | D:4      | Bought a runed robe for 85 gold pieces
  2292 | D:4      | 2292 ||| SHOPLISTING runed robe (85 gold, have 58).
  2328 | D:4      | Found a radiant altar of Vehumet.
  2341 | D:4      | Noticed Natasha
  2352 | D:4      | Killed Natasha
  2402 | D:4      | 2402 ||| Stepping ~*~*~tactically~*~*~ (stealth).
  2444 | D:4      | 2444 ||| Stepping ~*~*~tactically~*~*~ (hiding).
  2447 | D:4      | Noticed Natasha
  2448 | D:4      | 2448 ||| INVOKING Fiery Armour.
  2456 | D:4      | Killed Natasha
  2457 | D:4      | Reached skill level 8 in Unarmed Combat
  2458 | D:4      | Reached XP level 7. HP: 63/66 MP: 7/7
  2570 | D:4      | 2570 ||| Stepping ~*~*~tactically~*~*~ (stealth).
  2604 | D:4      | 2604 ||| UPGRADING to +2 robe of fire resistance.
  2614 | D:4      | 2614 ||| DROPPING +0 robe.
  2615 | D:4      | 2615 ||| READING 3 scrolls of identify.
  2615 | D:4      | 2615 ||| IDENTIFYING cyan potion
  2616 | D:4      | 2616 ||| READING 2 scrolls of identify.
  2616 | D:4      | 2616 ||| IDENTIFYING purple potion
  2617 | D:4      | 2617 ||| DROPPING potion of flight.
  2618 | D:4      | 2618 ||| DROPPING potion of magic.
  3223 | D:3      | 3223 ||| DRINKING 2 emerald potions.
  3224 | D:3      | 3224 ||| DRINKING 2 lumpy yellow potions.
  3270 | D:4      | Noticed Eustachio
  3277 | D:4      | Killed Eustachio
  3278 | D:4      | Reached skill level 3 in Fighting
  3357 | D:4      | Identified the +8 scale mail "Muor" {rElec}
  3369 | D:4      | Noticed Sigmund
  3370 | D:4      | 3370 ||| Stepping ~*~*~tactically~*~*~ (hiding).
  3379 | D:4      | 3379 ||| DRINKING potion of curing.
  3379 | D:4      | 3379 ||| (to cure confusion)
  3380 | D:4      | Killed Sigmund
  3517 | D:4      | Noticed Natasha
  3520 | D:4      | Killed Natasha
  3778 | D:5      | Identified the ring of Badef {Drain Fly rCorr Int-3 Dex+9
                  | SInv}
  3807 | D:5      | Reached skill level 9 in Unarmed Combat
  3823 | D:5      | Found Daidwy's General Store.
  3850 | D:5      | 3850 ||| SHOPLISTING potion of haste (130 gold, have 109).
  3850 | D:5      | 3850 ||| BUYING scroll of identify (26 gold).
  3850 | D:5      | Bought a scroll of identify for 26 gold pieces
  3850 | D:5      | 3850 ||| BUYING scroll of identify (26 gold).
  3850 | D:5      | Bought a scroll of identify for 26 gold pieces
  3902 | D:5      | Reached skill level 1 in Throwing
  3906 | D:5      | 3906 ||| Stepping ~*~*~tactically~*~*~ (outnumbered).
  3915 | D:5      | Reached XP level 8. HP: 38/76 MP: 8/8
  3915 | D:5      | 3915 ||| INVOKING Fiery Armour.
  3923 | D:5      | Reached skill level 1 in Dodging
  4317 | D:5      | 4317 ||| UPGRADING to ring of Badef {Drain Fly rCorr Int-3
                  | Dex+9 SInv}.
  4318 | D:5      | 4318 ||| READING scroll labelled BUUCLIRGHILUF.
  4319 | D:5      | 4319 ||| READING 5 scrolls of identify.
  4319 | D:5      | 4319 ||| IDENTIFYING sedimented clear potion
  4320 | D:5      | 4320 ||| READING 4 scrolls of identify.
  4320 | D:5      | 4320 ||| IDENTIFYING clear potion
  4321 | D:5      | 4321 ||| READING 3 scrolls of identify.
  4321 | D:5      | 4321 ||| IDENTIFYING brown potion
  4322 | D:5      | 4322 ||| READING 2 scrolls of identify.
  4322 | D:5      | 4322 ||| IDENTIFYING inky potion
  4323 | D:5      | 4323 ||| DROPPING potion of berserk rage.
  4324 | D:5      | 4324 ||| DROPPING potion of invisibility.
  4325 | D:5      | 4325 ||| DROPPING potion of attraction.
  4419 | D:6      | 4419 ||| Stepping ~*~*~tactically~*~*~ (outnumbered).
  4423 | D:6      | 4423 ||| Stepping ~*~*~tactically~*~*~ (outnumbered).
  4424 | D:6      | 4424 ||| Stepping ~*~*~tactically~*~*~ (outnumbered).
  4425 | D:6      | 4425 ||| Stepping ~*~*~tactically~*~*~ (outnumbered).
  4427 | D:6      | 4427 ||| Stepping ~*~*~tactically~*~*~ (outnumbered).
  4449 | D:6      | Found a broken altar of Ashenzari.
  4454 | D:6      | Found a sparkling altar of Nemelex Xobeh.
  4477 | D:6      | Found Bixkostri's Magic Scroll Emporium.
  4522 | D:6      | 4522 ||| BUYING 3 scrolls of identify (72 gold).
  4522 | D:6      | Bought 3 scrolls of identify for 72 gold pieces
  4522 | D:6      | 4522 ||| SHOPLISTING scroll of enchant armour (90 gold,
                  | have 44).
  4522 | D:6      | 4522 ||| SHOPLISTING scroll of enchant weapon (90 gold,
                  | have 44).
  4522 | D:6      | 4522 ||| BUYING scroll of identify (24 gold).
  4522 | D:6      | Bought a scroll of identify for 24 gold pieces
  4522 | D:6      | 4522 ||| SHOPLISTING scroll of identify (24 gold, have 20).
  4522 | D:6      | 4522 ||| SHOPLISTING scroll of teleportation (36 gold, have
                  | 20).
  4787 | D:6      | 4787 ||| UPGRADING to ring of willpower.
  4788 | D:6      | 4788 ||| UPGRADING to +4 ring of protection.
  4790 | D:6      | 4790 ||| DROPPING ring of willpower.
  4791 | D:6      | 4791 ||| READING scroll labelled ZOLUUNK MYCZI.
  4847 | D:7      | 4847 ||| Stepping ~*~*~tactically~*~*~ (hiding).
  4848 | D:7      | 4848 ||| Stepping ~*~*~tactically~*~*~ (hiding).
  4849 | D:7      | 4849 ||| Stepping ~*~*~tactically~*~*~ (hiding).
  4854 | D:7      | Reached skill level 10 in Unarmed Combat
  5039 | D:7      | Found a basalt altar of Yredelemnul.
  5056 | D:7      | 5056 ||| Stepping ~*~*~tactically~*~*~ (hiding).
  5091 | D:7      | Found a staircase to the Ecumenical Temple.
  5109 | D:7      | 5109 ||| Stepping ~*~*~tactically~*~*~ (hiding).
  5217 | D:7      | Found Zaimob's Antique Armour Shop.
  5253 | D:7      | 5253 ||| Stepping ~*~*~tactically~*~*~ (hiding).
  5257 | D:7      | 5257 ||| INVOKING Fiery Armour.
  5669 | D:7      | Reached skill level 11 in Unarmed Combat
  5669 | D:7      | Reached XP level 9. HP: 80/84 MP: 9/9
  5882 | D:7      | 5882 ||| INVOKING Fiery Armour.
  5889 | D:7      | 5889 ||| Stepping ~*~*~tactically~*~*~ (outnumbered).
  5901 | D:7      | Reached skill level 3 in Dodging
  5987 | D:7      | 5987 ||| READING 6 scrolls of identify.
  5987 | D:7      | 5987 ||| IDENTIFYING fuming blue potion
  5988 | D:7      | 5988 ||| DROPPING potion of lignification.
  6106 | D:8      | 6106 ||| Stepping ~*~*~tactically~*~*~ (stealth).
  6113 | D:8      | 6113 ||| FLEEEEING.
  6114 | D:8      | 6114 ||| FLEEEEING.
  6115 | D:8      | 6115 ||| FLEEEEING.
  6116 | D:8      | 6116 ||| FLEEEEING.
  6117 | D:8      | 6117 ||| STAIRDANCE
  6128 | D:7      | 6128 ||| READING scroll labelled ZID KARU MAOCH.
  6131 | D:8      | 6131 ||| STAIRDANCE
  6246 | D:8      | Reached skill level 12 in Unarmed Combat
  6277 | D:8      | 6277 ||| Stepping ~*~*~tactically~*~*~ (stealth).
  6281 | D:8      | 6281 ||| Stepping ~*~*~tactically~*~*~ (stealth).
  6384 | D:8      | 6384 ||| Stepping ~*~*~tactically~*~*~ (stealth).
  6385 | D:8      | 6385 ||| Stepping ~*~*~tactically~*~*~ (stealth).
  6404 | D:8      | 6404 ||| Stepping ~*~*~tactically~*~*~ (stealth).
  6648 | D:8      | Noticed Prince Ribbit
  6654 | D:8      | Killed Prince Ribbit
  6705 | D:8      | Found a runed translucent gate.
  6706 | D:8      | Noticed qw's ghost (novice TrCA)
  6707 | D:8      | Found a runed translucent gate.
  6707 | D:8      | Found a runed translucent gate.
  6713 | D:8      | Identified the +10 plate armour of Sorcery {Rampage rPois
                  | Int+4 Dex+2}
  6786 | D:8      | Noticed Erica
  6787 | D:8      | 6787 ||| Stepping ~*~*~tactically~*~*~ (hiding).
  6790 | D:8      | 6790 ||| INVOKING Fiery Armour.
  6800 | D:8      | HP: 1/88 [Erica/bolt of poison (28)]
  6801 | D:8      | 6801 ||| READING 6 scrolls of teleportation.
  6801 | D:8      | Succumbed to Erica's bolt of poison

Levels and vault maps discovered:
D:1:      beargit_arrival_diablo_church, layout_loops_corners,
          hangedman_decor_growths
D:2:      layout_loops_ring, ebering_ecumenical_altar_webs,
          uniq_crazy_yiuf_cottage
D:3:      layout_loops_ring, kennysheep_generic_room_8, uniq_ijyb
D:4:      layout_loops_ring, mainiacjoe_overflow_paths, serial_shops, shop,
          nicolae_underground_beach, uniq_natasha, uniq_robin, uniq_sigmund,
          uniq_eustachio
D:5:      layout_loops_ring, nicolae_stop_n_shop_2
D:6:      layout_cave_pools, ashenzari_altar_1, lemuel_crystal_altar,
          serial_shops, nicolae_stop_n_shop_2
D:7:      layout_loops_corners, mainiacjoe_overflow_surrounded_room,
          temple_doors_e, serial_shops, nicolae_shop_stone, nrook_mini_backslash
D:8:      layout_loops_ring, biasface_ghost_orc_armoury, uniq_erica,
          uniq_prince_ribbit1

Skill      XL: |  1  2  3  4  5  6  7  8  9 |
---------------+----------------------------+-----
Unarmed Combat | 4 5 6 8 9 11 12 | 12.6
Fighting       | 3 4 5 |  5.0
Throwing       | 1 |  1.0
Dodging        | 2 3 |  3.2
Spellcasting   | |  1.0
Fire Magic     | |  2.1

Action                   |  1- 3 |  4- 6 |  7- 9 || total
-------------------------+-------+-------+-------++-------
Melee: Unarmed           |   102 |    81 |   202 ||   385
       Punch             |     2 |     1 |    15 ||    18
Throw: Boomerang         |    18 |    24 |    74 ||   116
Invok: Fiery Armour      |       |     3 |     4 ||     7
  Use: Scroll            |     7 |     2 |    11 ||    20
       Potion            |     1 |     1 |     3 ||     5
Armor: Robe              |    45 |    28 |    46 ||   119
Dodge: Dodged            |    50 |    27 |    72 ||   149

Table legend:
 A = Non-vault XP
 B = Vault XP
 C = Vault XP percentage of total XP
 D = Non-vault monster count
 E = Vault monster count
 F = Vault count percentage of total count
                 A         B        C        D         E       F
            +---------+---------+-------+---------+---------+-------
      Total |    4239 |     842 |  16.6 |     159 |      17 |   9.7
            +---------+---------+-------+---------+---------+-------
        D:1 |      44 |       0 |   0.0 |      27 |       0 |   0.0
        D:2 |      43 |       0 |   0.0 |      10 |       0 |   0.0
        D:3 |      88 |      38 |  30.2 |      23 |       2 |   8.0
        D:4 |     238 |     521 |  68.6 |      23 |      14 |  37.8
        D:5 |     656 |       0 |   0.0 |      27 |       0 |   0.0
        D:6 |     379 |       0 |   0.0 |      10 |       0 |   0.0
        D:7 |    1361 |       0 |   0.0 |      18 |       0 |   0.0
        D:8 |    1430 |     283 |  16.5 |      21 |       1 |   4.5
            +---------+---------+-------+---------+---------+-------
